 Dungeon Crawl Stone Soup version 0.22-a0-456-g11ed031 (webtiles) character file.

5894 n0claF the Fighter (level 10, -2/80 HPs)
             Began as a Demonspawn Berserker on June 6, 2018.
             Was an Elder of Trog.
             Slain by Snorg (17 damage)
             ... on level 10 of the Dungeon.
             The game lasted 00:26:07 (6788 turns).

n0claF the Fighter (Demonspawn Berserker)           Turns: 6788, Time: 00:26:09

Health: -2/80      AC:  8    Str: 27    XL:     10   Next: 53%
Magic:  10/10      EV: 13    Int: 11    God:    Trog [****..]
Gold:   509        SH: 11    Dex: 12    Spells: 9/9 levels left

rFire    . . .     SeeInvis .   h - +0 scimitar
rCold    . . .     Gourm    .   L - +0 shield {reflect}
rNeg     . . .     Faith    .   B - +3 leather armour {MR+}
rPois    .         Spirit   .   a - +2 hat of Fallacy {Int+3 Stlth+}
rElec    .         Reflect  +   (no cloak)
rCorr    .         Harm     .   (no gloves)
MR       +....                  (no boots)
Stlth    ++........             w - amulet of the acrobat
HPRegen  0.23/turn              p - +5 ring of strength
MPRegen  0.12/turn              (no ring)

@: corroded, berserk cooldown, slowed, very slow
A: claws 1, iridescent scales 2, demonic guardian 1, spiny 2
a: Berserk, Trog's Hand, Brothers in Arms, Renounce Religion


You were on level 10 of the Dungeon.
You worshipped Trog.
Trog was greatly pleased with you.
You were hungry.

You visited 1 branch of the dungeon, and saw 10 of its levels.

You collected 509 gold pieces.

Inventory:

Hand Weapons
 h - a +0 scimitar (weapon)
 G - a +1 mace of venom
Armour
 a - the +2 hat of Fallacy (worn) {Int+3 Stlth+}
   (You found it on level 7 of the Dungeon)

   It affects your intelligence (+3).
   It makes you more stealthy.
 B - a +3 leather armour of magic resistance (worn)
 D - a +0 plate armour
 L - a +0 shield of reflection (worn)
Jewellery
 g - an uncursed ring of magical power
 p - a +5 ring of strength (left claw)
 v - an uncursed ring of magical power
 w - an amulet of the acrobat (around neck)
 C - an uncursed ring of poison resistance {unknown}
 K - a +6 ring of dexterity {unknown}
 N - an uncursed ring of poison resistance {unknown}
Wands
 r - a wand of paralysis (5)
 u - a wand of acid (9)
 y - a wand of enslavement (13)
 F - a wand of polymorph (33)
 I - a wand of digging (13)
Scrolls
 f - 3 scrolls of teleportation
 j - 11 scrolls of identify
 l - a scroll of fear
 m - a scroll of amnesia {unknown}
 q - 6 scrolls of remove curse
 s - 3 scrolls of random uselessness {unknown}
 t - 4 scrolls of fog {unknown}
 x - 2 scrolls of blinking {unknown}
 A - a scroll of enchant armour {unknown}
 J - a scroll of holy word {unknown}
 M - a scroll of enchant weapon {unknown}
 O - a scroll of silence {unknown}
Potions
 b - 2 potions of invisibility
 d - 4 potions of curing
 e - a potion of berserk rage
 i - 2 potions of might
 k - 2 potions of heal wounds
 n - a potion of cancellation {unknown}
 o - 2 potions of flight
 z - a potion of ambrosia {unknown}
 E - a potion of haste {unknown}
 H - 2 potions of agility {unknown}
 P - a potion of mutation {unknown}
Comestibles
 c - 18 rations


   Skills:
 + Level 8.0 Fighting
 + Level 7.2 Long Blades
 + Level 6.8 Armour
 + Level 6.9 Dodging
 + Level 5.6 Shields


You had 9 spell levels left.
You didn't know any spells.
Your spell library contained the following spells:

 Spells                   Type           Power        Failure   Level  Hunger
 Throw Frost              Conj/Ice       #.....       90%         2    ###....
 Summon Small Mammal      Summ           #...         80%         1    ##.....
 Freeze                   Ice            #...         80%         1    ##.....
 Summon Ice Beast         Ice/Summ       #.......     100%        4    #####..
 Ozocubu's Armour         Chrm/Ice       #.......     99%         3    ####...
 Call Imp                 Summ           #.......     90%         2    ###....
 Throw Icicle             Conj/Ice       #.......     100%        4    #####..
 Call Canine Familiar     Summ           #.......     99%         3    ####...
 Summon Lightning Spire   Summ/Air       #.......     100%        4    #####..
 Summon Guardian Golem    Hex/Summ       #.......     99%         3    ####...


Dungeon Overview and Level Annotations

Branches:
Dungeon (10/15)            Temple (0/1) D:6
   Lair: D:8-11         Orc: D:9-12

Altars:
Ashenzari
Dithmenos
Elyvilon
Hepliaklqana
Kikubaaqudgha
Makhleb
Qazlal
Sif Muna
Trog
Uskayaw
Vehumet
Wu Jian
Yredelemnul

Shops:
D:6 [

Annotations:
D:8 exclusion: statue
D:10 Snorg


Innate Abilities, Weirdness & Mutations

You have sharp fingernails.
You are mostly covered in iridescent scales. (AC +4)
A weak demonic guardian rushes to your aid.
You are mostly covered in sharp spines.


Message History

You feel yourself slow down. Snorg barely misses your iron imp.
Snorg claws your iron imp!!
Your iron imp dies!
You slash the jelly!
Your claws burn!
The jelly is severely wounded.
The jelly closely misses you.
You riposte.
You hit the jelly.
You kill the jelly!
Trog accepts your kill.
You slash Snorg!
Snorg is moderately wounded.
You block Snorg's attack. Snorg closely misses you. Snorg barely misses you.
Snorg bites you! Snorg misses you. Snorg claws you!
You slash Snorg!
Snorg is moderately wounded.
Snorg is struck by your spines. Snorg bites you!!
* * * LOW HITPOINT WARNING * * *
You block Snorg's attack. x3; Snorg claws you.
* * * LOW HITPOINT WARNING * * *
You block Snorg's attack. Snorg is struck by your spines. Snorg bites you!
You die...

.....<....# #.......#
#.........# #.......#
######.#### ###'##### ...
##.# ###'# #..# ## ....
#.## ####.
.(...#######'########....
.....'.#............#.##.
#.T@.5.........#(##.
###...........)))##.
#............####.
#######'###### ## #.# #.#
..# ###


You could see Snorg (berserk) and a friendly iron imp.

Vanquished Creatures
  The ghost of jerryfan the Slicer, a journeyman HaGl of Dithmenos (D:9)
  A two-headed ogre (D:9)
  An unseen horror (D:10)
  2 trolls
  A spriggan (D:7)
  A wyvern (D:8)
  A hungry ghost (D:7)
  2 orc warriors
  2 ice beasts
  2 sky beasts
  A black bear (D:8)
  2 phantoms
  4 ogres (D:7)
  A crocodile (D:8)
  4 centaurs
  A bullfrog (D:7)
  4 scorpions
  2 howler monkeys
  A bullfrog zombie (D:8)
  4 crimson imps
  A gnoll shaman (D:6)
  2 hounds
  2 jellies
  A centaur skeleton (D:7)
  An iguana (D:8)
  7 orc wizards
  5 worker ants
  A hound zombie (D:10)
  6 adders
  3 gnolls (D:6)
  A dart slug (D:1)
  5 worms
  3 leopard geckos
  19 orcs
  2 ball pythons
  4 giant cockroaches
  7 goblins
  5 hobgoblins
  9 jackals
  2 quokkas
  11 bats
  5 frilled lizards
  2 jackal skeletons
  5 kobolds
  11 rats
158 creatures vanquished.

Vanquished Creatures (collateral kills)
  Sigmund (D:6)
  A hungry ghost (D:8)
  2 phantoms
  An ogre (D:5)
  A bullfrog (D:8)
  The ghost of Zorot the Skirmisher, a weakling OpMo (D:3)
  A hound (D:6)
  An iguana (D:4)
  2 gnolls (D:6)
  An orc (D:7)
  A giant cockroach (D:5)
13 creatures vanquished.

Grand Total: 171 creatures vanquished

Notes
Turn   | Place    | Note
-------+----------+-------------------------------------------
     0 | D:1      | n0claF the Demonspawn Berserker began the quest for the Orb.
     0 | D:1      | Reached XP level 1. HP: 18/18 MP: 1/1
   249 | D:1      | Gained mutation: You are partially covered in sharp spines. [demonic ancestry]
   249 | D:1      | Reached XP level 2. HP: 21/24 MP: 2/2
   631 | D:2      | Reached XP level 3. HP: 29/29 MP: 3/3
   679 | D:2      | Reached ** piety under Trog
  1396 | D:2      | Gained mutation: A weak demonic guardian rushes to your aid. [demonic ancestry]
  1396 | D:2      | Reached XP level 4. HP: 36/37 MP: 4/4
  1536 | D:3      | Noticed Zorot's ghost (weakling OpMo)
  1554 | D:3      | Killed Zorot's ghost
  1554 | D:3      | Reached skill level 4 in Fighting
  1554 | D:3      | Gained mutation: You have sharp fingernails. [demonic ancestry]
  1554 | D:3      | Reached XP level 5. HP: 34/42 MP: 5/5
  1721 | D:3      | Reached *** piety under Trog
  1743 | D:3      | Paralysed by a kobold for 7 turns
  1862 | D:3      | Noticed a centaur
  1869 | D:3      | Killed a centaur
  2540 | D:4      | Gained mutation: You are mostly covered in sharp spines. [demonic ancestry]
  2540 | D:4      | Reached XP level 6. HP: 49/49 MP: 6/6
  2809 | D:4      | Gained mutation: You are partially covered in iridescent scales. (AC +2) [demonic ancestry]
  2809 | D:4      | Reached XP level 7. HP: 45/55 MP: 7/7
  3081 | D:4      | Found a burning altar of Makhleb.
  3084 | D:4      | Found an ancient bone altar of Kikubaaqudgha.
  3087 | D:4      | Found a shadowy altar of Dithmenos.
  3133 | D:5      | Entered Level 5 of the Dungeon
  3203 | D:5      | Reached skill level 5 in Fighting
  3665 | D:6      | Reached skill level 1 in Shields
  3686 | D:6      | Found a stormy altar of Qazlal.
  3795 | D:6      | Found a hazy altar of Hepliaklqana.
  3816 | D:6      | Found Evos Qoji's Armour Boutique.
  3895 | D:6      | Noticed Sigmund
  3904 | D:6      | Killed Sigmund
  3904 | D:6      | Gained mutation: You are mostly covered in iridescent scales. (AC +4) [demonic ancestry]
  3904 | D:6      | Reached XP level 8. HP: 62/63 MP: 8/8
  3972 | D:6      | Found a staircase to the Ecumenical Temple.
  4295 | D:7      | Reached skill level 5 in Long Blades
  4319 | D:7      | Got a jewelled hat
  4330 | D:7      | Identified the +2 hat of Fallacy {Int+3 Stlth+} (You found it on level 7 of the Dungeon)
  4340 | D:7      | Found a shattered altar of Ashenzari.
  4455 | D:7      | Reached skill level 6 in Fighting
  4462 | D:7      | Reached skill level 5 in Armour
  4462 | D:7      | Reached skill level 5 in Dodging
  4807 | D:7      | Found a white marble altar of Elyvilon.
  4861 | D:7      | Reached XP level 9. HP: 65/70 MP: 9/9
  5004 | D:7      | Found a basalt altar of Yredelemnul.
  5068 | D:8      | Noticed a hand axe
  5069 | D:8      | Noticed a dagger
  5076 | D:8      | Found a hide-covered altar of Uskayaw.
  5135 | D:8      | Reached **** piety under Trog
  5262 | D:8      | Found a shadowy altar of Dithmenos.
  5381 | D:8      | Found a deep blue altar of Sif Muna.
  5384 | D:8      | Reached skill level 7 in Fighting
  5471 | D:8      | Found a radiant altar of Vehumet.
  5534 | D:8      | Found an ornate altar of the Wu Jian Council.
  5835 | D:9      | Found a bloodstained altar of Trog.
  6180 | D:9      | Noticed jerryfan's ghost (journeyman HaGl)
  6197 | D:9      | Killed jerryfan's ghost
  6197 | D:9      | Reached XP level 10. HP: 57/79 MP: 10/10
  6314 | D:9      | Noticed a two-headed ogre
  6322 | D:9      | Killed a two-headed ogre
  6322 | D:9      | Reached skill level 5 in Shields
  6430 | D:10     | Entered Level 10 of the Dungeon
  6518 | D:10     | Killed an unseen horror
  6710 | D:10     | Reached skill level 8 in Fighting
  6774 | D:10     | Noticed Snorg
  6788 | D:10     | Slain by Snorg

Vault maps used:
D:1:      ncdulo_watergridlock, minmay_bisected
D:2:      first_ration
D:4:      grunt_temple_overflow_diamond
D:5:      kennysheep_minor_cross
D:6:      kennysheep_mini, kennysheep_mini_moat, minmay_temple_entry_statues,
          serial_shops, nicolae_shop_crystal, uniq_sigmund
D:7:      kennysheep_ying_yang, evilmike_ruin_ashenzari, serial_glass,
          glass_columns_a, glass_columns_a, glass_columns_a, the_bakery
D:8:      vehumet_statue, led_sif_book, lemuel_doored_altar,
          dancing_weapons_uskayaw, nicolae_dithmenos_through_a_glass_darkly
D:9:      old_standard_altar
D:10:     serial_shops, shop, uniq_snorg

Skill      XL: |  1  2  3  4  5  6  7  8  9 10 |
---------------+-------------------------------+-----
Dodging        | 2 3 4 5 6 |  6.9
Armour         | 2 3 4 5 6 |  6.8
Long Blades    | 3 4 5 6 7 |  7.2
Fighting       | 4 5 6 7 8 |  8.0
Shields        | 1 3 4 5 |  5.6

Action                   |  1- 3 |  4- 6 |  7- 9 | 10-12 || total
-------------------------+-------+-------+-------+-------++-------
Melee: Falchion          |   159 |    95 |    77 |       ||   331
       Scimitar          |       |       |   132 |    51 ||   183
Invok: Berserk           |     1 |       |     4 |     1 ||     6
       Trog's Hand       |       |       |     3 |       ||     3
  Use: Scroll            |       |       |     9 |       ||     9
 Stab: Sleeping          |     1 |       |     3 |     1 ||     5
       Distracted        |       |       |     2 |       ||     2
  Eat: Chunk             |     2 |     2 |     6 |       ||    10
       Ration            |       |     1 |     3 |     1 ||     5
Armor: Ring mail         |     9 |       |       |       ||     9
       Animal skin       |     2 |       |       |       ||     2
       Plate armour      |    66 |    66 |    54 |       ||   186
       Leather armour    |       |       |    24 |    12 ||    36
Dodge: Dodged            |    52 |    28 |    98 |    49 ||   227
Block: Buckler           |       |       |    24 |       ||    24
       Shield            |       |       |    10 |    24 ||    34
       Reflection        |       |       |     1 |       ||     1
       Rpst.: Falchion   |    12 |     7 |     8 |       ||    27
       Scimitar          |       |       |    19 |     8 ||    27

Table legend:
 A = Spawn XP
 B = Non-spawn XP
 C = Spawn XP percentage of total XP
 D = Spawn monster count
 E = Non-spawn monster count
 F = Spawn count percentage of total count
 G = Total turns spent on level
                    A         B        C        D         E        F      G
               +---------+---------+-------+---------+---------+-------+---------
         Total |       0 |    8420 |   0.0 |       0 |     171 |   0.0 |  6788
               +---------+---------+-------+---------+---------+-------+---------
           D:1 |       0 |      38 |   0.0 |       0 |      23 |   0.0 |   578
           D:2 |       0 |      94 |   0.0 |       0 |      23 |   0.0 |   901
           D:3 |       0 |     228 |   0.0 |       0 |      21 |   0.0 |   986
           D:4 |       0 |     458 |   0.0 |       0 |      14 |   0.0 |   668
           D:5 |       0 |     174 |   0.0 |       0 |       4 |   0.0 |   527
           D:6 |       0 |     553 |   0.0 |       0 |      21 |   0.0 |   610
           D:7 |       0 |    1589 |   0.0 |       0 |      26 |   0.0 |   771
           D:8 |       0 |    1392 |   0.0 |       0 |      19 |   0.0 |   582
           D:9 |       0 |    2356 |   0.0 |       0 |       8 |   0.0 |   807
          D:10 |       0 |    1538 |   0.0 |       0 |      12 |   0.0 |   358
               +---------+---------+-------+---------+---------+-------+---------
